AoeStats
← w32.disttrack

Pilgrims

509316787Analyzed
4v4 RM · 5d ago on Sep 26, 2026· 64m 5s· 8 players
Game mode
Random Map
Map size
Large (8 player)
Population
200
Speed
Normal
Resources
Standard
Victory
Conquest
Starting age
Dark Age
Ending age
Imperial Age
RankedLock teamsTeams togetherTeam positionsShared explorationLock speedFull tech treeHidden civsTurbo modeCheats
Victory
Defeat
1108
+12
🇬🇧 Armenians · United Kingdom
1108
+12
🇨🇦 Khmer · Canada
1055
+15
🇺🇸 Vikings · United States
1006
+17
🇸🇪 Saracens · Sweden
1091
-16
🇩🇪 Italians · Germany
1048
-15
🇳🇱 Danes · Netherlands
1026
-14
🇩🇪 Japanese · Germany
939
-11
HardstyleHunter
10:51 Feudal Age
#Tsch
7:59 Loom
9:18 Loom
11:26 Feudal Age
12:24 Gold Mining
14:20 Double-Bit Axe
26:27 Castle Age
25:36 Fishing Lines
29:44 Medium Warships
33:45 Gillnets
39:19 Wheelbarrow
38:55 Horse Collar
39:34 Bow Saw
40:23 Stone Mining
40:31 Town Watch
40:42 Demolition Ship
42:40 Clinker Construction
42:42 Careening
47:27 Imperial Age
47:11 Hand Cart
48:19 Ballistics
48:10 Masonry
47:40 Treadmill Crane
48:20 Fletching
48:31 Padded Archer Armor
48:42 Forging
49:30 Stone Shaft Mining
49:41 Caravan
49:56 Scale Mail Armor
51:28 Chemistry
50:47 Town Patrol
52:47 Iron Casting
52:28 Chain Mail Armor
52:41 Squires
53:58 Hoardings
55:00 Plate Mail Armor
55:23 Bodkin Arrow
56:11 Carvel Hull
58:02 Two-Man Saw
58:59 Conscription
64:43 Blast Furnace
63:43 Bracer
andber
3:52 Loom
12:01 Feudal Age
16:54 Castle Age
14:52 Double-Bit Axe
17:33 Town Watch
20:25 Fishing Lines
22:16 Bloodlines
22:07 Husbandry
24:05 Forging
24:00 Scale Barding Armor
24:28 Scale Barding Armor
26:05 Iron Casting
26:51 Wheelbarrow
28:12 Husbandry
28:57 Ballistics
28:56 Fletching
29:39 Chain Barding Armor
29:50 Bodkin Arrow
31:15 Horse Collar
33:12 Light Cavalry
36:24 Imperial Age
36:29 Elite Mameluke
37:32 Conscription
37:52 Plate Barding Armor
38:18 Blast Furnace
37:56 Masonry
37:43 Murder Holes
41:11 Bimaristan
43:03 Bracer
50:59 Chemistry
50:23 Fortified Wall
61:29 Gold Mining
w32.disttrack
3:27 Loom
13:05 Feudal Age
13:15 Man-at-Arms
15:08 Wheelbarrow
18:37 Castle Age
16:58 Gold Mining
16:59 Stone Mining
16:56 Double-Bit Axe
18:51 Fletching
19:02 Padded Archer Armor
23:25 Hand Cart
23:38 Bow Saw
24:05 Gold Shaft Mining
24:06 Bodkin Arrow
24:48 Horse Collar
26:09 Scale Mail Armor
26:19 Town Watch
34:06 Imperial Age
32:58 Leather Archer Armor
34:13 Thumb Ring
36:15 Bracer
37:36 Ballistics
38:16 Ring Archer Armor
42:16 Husbandry
46:43 Bloodlines
47:37 Scale Barding Armor
46:58 Light Cavalry
49:42 Chain Barding Armor
49:33 Forging
49:52 Conscription
49:42 Heavy Plow
51:41 Chain Mail Armor
52:04 Iron Casting
57:49 Cavalier
How Do You Turn This Off
9:24 Feudal Age
9:46 Man-at-Arms
10:58 Arson
11:31 Loom
11:19 Long Swordsman
14:28 Double-Bit Axe
20:48 Castle Age
20:49 Two-Handed Swordsman
21:32 Squires
24:17 Ballistics
24:00 Fletching
24:13 Padded Archer Armor
24:23 Forging
24:14 Scale Mail Armor
25:37 Bodkin Arrow
25:45 Scale Mail Armor
26:40 Gambesons
32:34 Imperial Age
36:53 Conscription
46:55 Medium Warships
48:36 Heavy Warships
49:46 Bow Saw
49:46 Horse Collar
53:43 Careening
53:44 Clinker Construction
55:21 Elite Composite Bowman
60:36 Chemistry
59:47 Caravan
60:05 Heavy Plow
How do you turn this on
3:53 Loom
11:47 Feudal Age
12:12 Town Watch
13:16 Double-Bit Axe
16:40 Castle Age
14:51 Stone Mining
16:10 Gold Mining
17:18 Wheelbarrow
16:41 Fishing Lines
18:52 Gillnets
21:04 Fletching
25:05 Bodkin Arrow
25:32 Hand Cart
27:21 Bow Saw
31:49 Imperial Age
32:54 Conscription
31:56 Elite War Wagon
33:29 Gold Shaft Mining
37:35 Chemistry
36:56 Ballistics
36:42 Siege Engineers
36:38 Horse Collar
37:47 Treadmill Crane
38:02 Murder Holes
38:21 Bracer
39:32 Two-Man Saw
39:18 Forging
39:09 Scale Mail Armor
39:14 Scale Barding Armor
43:59 Heavy Plow
44:16 Masonry
46:05 Squires
45:50 Arson
45:27 Pikeman
47:22 Elite Skirmisher
48:08 Thumb Ring
48:16 Halberdier
54:29 Chain Mail Armor
54:51 Iron Casting
56:08 Capped Ram
60:56 Architecture
Jundi Leads
10:55 Loom
14:23 Feudal Age
14:31 Man-at-Arms
17:28 Scale Mail Armor
17:39 Forging
20:44 Arson
21:52 Double-Bit Axe
22:14 Horse Collar
28:39 Castle Age
30:05 Bow Saw
29:30 Long Swordsman
30:10 Squires
36:59 Chain Mail Armor
39:14 Iron Casting
49:35 Imperial Age
50:13 Capped Ram
51:42 Plate Mail Armor
50:59 Two-Handed Swordsman
54:24 Champion
58:00 Gold Mining
62:13 Heavy Plow
saiko
9:16 Loom
13:32 Feudal Age
15:53 Double-Bit Axe
19:28 Castle Age
17:11 Horse Collar
20:35 Scale Barding Armor
20:53 Bow Saw
23:59 Chain Barding Armor
29:27 Ballistics
39:58 Imperial Age
38:05 Wheelbarrow
43:48 Chemistry
43:27 Plate Barding Armor
45:28 Elite Ballista Elephant
47:05 Conscription
50:59 Heavy Plow
53:06 Double Crossbow
56:57 Siege Engineers
Connection lost

Rejoining the realm…

Still unreachable

The connection could not be restored.

Session expired

The server has moved on; the page needs a fresh start.